 Dungeon Crawl Stone Soup version 0.31-a0-180-g519b7de00c (webtiles) character file.

Game seed: 5424331032516481999

15221 gelatine the Cleaver (level 11, -6/84 HPs)
             Began as a Demonspawn Fighter on June 20, 2023.
             Shot with a bolt by a minotaur (7 damage)
             ... in a Gauntlet.
             The game lasted 00:35:01 (11941 turns).

gelatine the Cleaver (Demonspawn Fighter)          Turns: 11941, Time: 00:35:02

Health: -6/84      AC: 25    Str: 31    XL:     11   Next: 99%
Magic:  0/11       EV: 11    Int: 17    God:
Gold:   917        SH:  5    Dex: 12    Spells: 10/10 levels left

rFire   + . .        u - +4 broad axe (flame)
rCold   . . .        c - +0 buckler
rNeg    . . .        k - +4 chain mail {rF+}
rPois   .            X - +0 helmet {Int+3}
rElec   .            x - +1 cloak
rCorr   .            I - +2 pair of gloves
SInv    .            G - +1 pair of boots
Will    .....        p - amulet of guardian spirit Stlth
                     w - +6 ring of strength
HPRegen 0.34/turn    t - +6 ring of strength
MPRegen 0.12/turn

%: no teleportation, guardian spirit
@: no status effects
A: hooves 2, slimy green scales 1, demonic guardian 1, demonic magic 1, clever 1
a: no special abilities


You were in a Gauntlet.
You visited 2 branches of the dungeon, and saw 13 of its levels.
You also visited: Gauntlet.

You collected 1268 gold pieces.
You spent 351 gold pieces at shops.

Inventory:

Hand Weapons
 a - a +2 war axe of protection
 u - a +4 broad axe of flaming (weapon)
Missiles
 e - 2 boomerangs of dispersal
 n - 3 curare-tipped darts
 o - 7 boomerangs (quivered)
 y - a throwing net
 Q - 6 poisoned darts
 V - 5 atropa-tipped darts
Armour
 c - a +0 buckler (worn)
 k - a +4 chain mail of fire resistance (worn)
 x - a +1 cloak (worn)
 B - the +2 ring mail of the Lumpy Servitors {rC- Will+ Dex+2 SInv}
   (You found it on level 6 of the Dungeon)

   Dex:       It affects your dexterity (+2).
   rC:        It makes you vulnerable to cold.
   SInv:      It lets you see invisible.
   Will:      It increases your willpower.
 G - a +1 pair of boots (worn)
 I - a +2 pair of gloves (worn)
 K - a +1 hat
 N - a scarf of harm
 P - a +0 troll leather armour
 S - a +2 robe of resistance
 T - +0 acid dragon scales
 X - a +0 helmet of intelligence (worn)
Magical Staves
 f - a staff of cold
 E - a staff of fire
Jewellery
 b - a ring of magical power
 p - an amulet of guardian spirit (around neck)
 r - a ring of positive energy
 t - a +6 ring of strength (right hand)
 w - a +6 ring of strength (left hand)
 H - a ring of fire
 U - a ring of wizardry
 W - the ring "Valichep" {Fly rF+ Int+3}
   (You found it in a Gauntlet)

   [ring of flight]

   Int:       It affects your intelligence (+3).
   rF:        It protects you from fire.
   Fly:       It grants you flight.
Wands
 j - a wand of iceblast (14)
 s - a wand of paralysis (7)
 D - a wand of flame (19)
 O - a wand of light (8)
Scrolls
 i - 4 scrolls of vulnerability
 l - a scroll of fear
 m - 8 scrolls of teleportation
 q - 4 scrolls of blinking
 v - 2 scrolls of amnesia
 C - 2 scrolls of immolation
 J - 2 scrolls of fog
 L - a scroll of silence
 R - 3 scrolls of identify
Potions
 d - a potion of might
 g - 4 potions of curing
 h - a potion of berserk rage
 z - 2 potions of mutation
 A - a potion of haste
 F - a potion of cancellation
 M - a potion of attraction


   Skills:
 * Level 7.1 Fighting
 * Level 11.3 Axes
 + Level 3.9 Throwing
 * Level 7.2 Armour
 * Level 5.9 Dodging
 + Level 4.3 Stealth
 * Level 6.5 Shields
 + Level 4.3 Evocations


You had 10 spell levels left.
You didn't know any spells.
Your spell library contained the following spells:

 Spells                   Type           Power      Damage    Failure   Level
 Summon Small Mammal      Summ           0%         N/A       67%         1
 Sublimation of Blood     Necr           0%         N/A       80%         2
 Wereblood                Tmut           0%         N/A       80%         2
 Call Canine Familiar     Summ           0%         N/A       95%         3
 Portal Projectile        Hex/Tloc       0%         N/A       95%         3
 Summon Guardian Golem    Hex/Summ       0%         N/A       95%         3
 Tukima's Dance           Hex            0%         N/A       95%         3
 Vhi's Electric Charge    Tloc/Air       0%         N/A       95%         3
 Arcjolt                  Conj/Air       0%         1d10      100%        5
 Blade Hands              Tmut           0%         N/A       100%        5
 Conjure Ball Lightning   Conj/Air       0%         3x3d6     100%        6
 Plasma Beam              Fire/Air       0%         2x1d10    100%        6
 Summon Hydra             Summ           0%         N/A       100%        7
 Discord                  Hex            0%         N/A       100%        8
 Disjunction              Tloc           0%         N/A       100%        8


Dungeon Overview and Level Annotations

Branches:
Dungeon (12/15)            Temple (1/1) D:5            Lair (0/5) D:11
    Orc (0/2) D:10        Gauntlet (1/1)

Altars:
Ashenzari
Cheibriados
Dithmenos
Fedhas
Gozag
Hepliaklqana
Kikubaaqudgha
Makhleb
Nemelex Xobeh
Okawaru
Qazlal
Ru
Sif Muna
Trog
Uskayaw
Vehumet
Wu Jian
Xom
Yredelemnul

Shops:
D:3 ?   D:7 (!:[   D:8 *?   D:9 [

Annotations:
D:10 2 transporters Gauntlet 8 transporters, 1 runed translucent door


Innate Abilities, Weirdness & Mutations

You have hoof-like feet.
You are partially covered in slimy green scales. (AC +2)
A weak demonic guardian rushes to your aid.
Spells you cast may paralyse adjacent enemies.
Your mind is acute. (Int +4, Str/Dex -1)


Message History

Your shadow imp hits the minotaur but does no damage.
Aiming: Bolt of Light
Press: ? - help, Q - select action, (/) - cycle Shift-Dir - straight line, f/p - minotaur
Aim: a minotaur, wielding a +2 arbalest of flaming, wearing +2 swamp dragon scales, wearing the amulet "Gux Fuba" {Regen+ Int+4} and quivering silver javelins (moderately wounded, ally target, 81% to hit)
The bolt of light hits the minotaur.
The minotaur is moderately wounded.
The minotaur is blinded.
The minotaur unwields a +2 arbalest of flaming.
It stops flaming.
The minotaur wields a +3 morningstar of venom.
It begins to drip with poison!
The minotaur hits you but does no damage.
You are poisoned.
The minotaur closely misses you.
Your shadow imp hits the minotaur but does no damage.
You feel better. The minotaur barely misses you.
The minotaur gores you but does no damage.
Your shadow imp hits the minotaur but does no damage.
Your shadow imp gestures at the minotaur.
The minotaur resists with almost no effort.
The minotaur is no longer blind.
The minotaur unwields a +3 morningstar of venom.
It stops dripping with poison.
The minotaur wields a +2 arbalest of flaming.
It bursts into flame!
The minotaur shoots a bolt.
The bolt hits you.
Your shadow imp hits the minotaur.
Aiming: Iceblast
Press: ? - help, Q - select action, (/) - cycle Shift-Dir - straight line, p - minotaur The mass of ice explodes!
The iceblast engulfs the minotaur!
The minotaur is heavily wounded.
Your shadow imp hits the minotaur.
Unknown command.
Aiming: Iceblast
Press: ? - help, Q - select action, (/) - cycle Shift-Dir - straight line The mass of ice explodes!
The iceblast engulfs the minotaur!
The minotaur is severely wounded.
The minotaur shoots a bolt.
The bolt hits you!!
* * * LOW HITPOINT WARNING * * *
The bolt burns you!
You die...

##.###.♣.#..P..#©.#©#
........#.♣...#}.#.#
..#.#.©.#.....#..#.# #####
#.#.#...#.....#YYY..
[8[8.8#...#.©.#.....######
......'5###...#..∩........
?8:8.8#.H.#.©.#.....######
#######.#.#...#.....#...#.
.....#@#.©.#.....#.#.#.
#8..........#.♣P..#.#.#.
##.##.###.♣.#..P..#©##©#
#..........##..♣.#.#.#.
########.♣.###.P.#[#.#.
#...##≈...#...#. ###
#≈≈.P.###### ##≈.♣.......
##.P.######


You could see a minotaur (ally target) and a friendly shadow imp (summoned).

Vanquished Creatures
  A cacodemon (Gauntlet)
  Josephine (D:11)
  Lodul (D:11)
  A wizard (Gauntlet)
  An ugly thing (D:9)
  A deep elf pyromancer (D:12)
  3 cyclopes
  A worldbinder (Gauntlet)
  2 gargoyles
  3 trolls
  2 wyverns
  A vampire (D:12)
  2 shadows (D:12)
  9 yaks
  Grum (D:9)
  2 vampire mosquitoes (D:12)
  2 steam dragons
  5 wraiths
  3 water moccasins (D:6)
  2 acid dragons
  10 orc warriors
  An ice beast (D:6)
  4 sky beasts
  9 ogres
  5 wolves
  4 centaurs
  2 boggarts (Gauntlet)
  2 kobold brigands
  4 bullfrogs
  3 scorpions
  A wight (D:6)
  6 electric eels
  2 howler monkeys
  7 hounds
  4 jellies
  Crazy Yiuf (D:5)
  6 orc priests
  Terence (D:3)
  5 iguanas
  12 orc wizards
  12 adders
  6 gnolls
  A shadow imp (Gauntlet)
  4 white imps
  2 worms
  40 orcs
  3 ball pythons
  11 endoplasms
  2 giant cockroaches
  7 goblins
  9 hobgoblins
  3 jackals (D:1)
  3 quokkas
  5 bats (D:1)
  2 frilled lizards (D:1)
  12 kobolds
  7 rats
262 creatures vanquished.

Vanquished Creatures (collateral kills)
  An iguana (D:6)
1 creature vanquished.

Vanquished Creatures (others)
  2 orcs (D:11)
2 creatures vanquished.

Grand Total: 265 creatures vanquished

Notes
Turn   | Place    | Note
-------+----------+-------------------------------------------
     0 | D:1      | gelatine the Demonspawn Fighter began the quest for the
                  | Orb.
     0 | D:1      | Reached XP level 1. HP: 18/18 MP: 1/1
   135 | D:1      | Gained mutation: Spells you cast may paralyse adjacent
                  | enemies. [demonic ancestry]
   135 | D:1      | Reached XP level 2. HP: 24/24 MP: 2/2
   217 | D:1      | Reached skill level 2 in Axes
   545 | D:1      | Reached XP level 3. HP: 24/29 MP: 3/3
  1416 | D:3      | Reached XP level 4. HP: 27/35 MP: 2/4
  1425 | D:2      | HP: 1/35 [something (2)]
  1565 | D:3      | Reached skill level 3 in Axes
  1627 | D:3      | Noticed Terence
  1649 | D:3      | Killed Terence
  1650 | D:3      | Gained mutation: You are partially covered in slimy green
                  | scales. (AC +2) [demonic ancestry]
  1650 | D:3      | Reached XP level 5. HP: 29/42 MP: 3/5
  1963 | D:3      | Found Gyefiab's Magic Scroll Boutique.
  1984 | D:3      | Bought a scroll of blinking for 82 gold pieces
  1984 | D:3      | Bought a scroll of identify for 22 gold pieces
  1984 | D:3      | Bought a scroll of identify for 22 gold pieces
  2363 | D:3      | Reached skill level 1 in Dodging
  2615 | D:3      | Found a sacrificial altar of Ru.
  2916 | D:4      | Gained mutation: A weak demonic guardian rushes to your
                  | aid. [demonic ancestry]
  2916 | D:4      | Reached XP level 6. HP: 38/48 MP: 6/6
  3411 | D:4      | You fall into a shaft and drop 3 floors!
  3426 | D:7      | Noticed a wyvern
  3441 | D:7      | Killed a wyvern
  3442 | D:7      | Reached skill level 4 in Axes
  3442 | D:7      | Reached skill level 1 in Stealth
  3442 | D:7      | Reached skill level 1 in Evocations
  3540 | D:6      | Gained mutation: You have large cloven feet. [demonic
                  | ancestry]
  3540 | D:6      | Reached XP level 7. HP: 49/54 MP: 7/7
  3626 | D:6      | Reached skill level 5 in Axes
  3628 | D:5      | Entered Level 5 of the Dungeon
  3644 | D:5      | Reached XP level 8. HP: 10/61 MP: 1/8
  4191 | D:5      | Reached skill level 6 in Axes
  4274 | D:5      | Identified a scroll of acquirement
  4274 | D:5      | Acquired a +2 broad axe of flaming
  4344 | D:5      | Found a staircase to the Ecumenical Temple.
  4348 | Temple   | Entered the Ecumenical Temple
  4730 | D:5      | Found a runed translucent door.
  4731 | D:5      | Noticed Crazy Yiuf
  4740 | D:5      | Killed Crazy Yiuf
  4796 | D:6      | Identified the +2 ring mail of the Lumpy Servitors {rC-
                  | Will+ Dex+2 SInv}
  5210 | D:6      | Reached skill level 5 in Fighting
  5322 | D:6      | Reached skill level 7 in Axes
  5322 | D:6      | Reached XP level 9. HP: 49/68 MP: 6/9
  5339 | D:6      | Reached skill level 1 in Throwing
  5777 | D:7      | Found Naluredol's Antique Armour Shoppe.
  5812 | D:7      | Found Ajogumm's Book Boutique.
  6030 | D:7      | Found Lasmomull's Weapon Shoppe.
  6223 | D:7      | Found Gukery's Distillery.
  6229 | D:7      | Bought a potion of curing for 45 gold pieces
  6229 | D:7      | Bought a potion of curing for 45 gold pieces
  6229 | D:7      | Bought a potion of curing for 45 gold pieces
  6380 | D:8      | Found Wofe Vul's Elemental Accessories.
  6503 | D:8      | Noticed a gargoyle
  6526 | D:8      | Killed a gargoyle
  6527 | D:8      | Reached skill level 5 in Armour
  6659 | D:8      | Reached skill level 8 in Axes
  6737 | D:8      | Found Sizaugh's Magic Scroll Shop.
  6745 | D:8      | Bought a scroll of blinking for 90 gold pieces
  6763 | D:8      | HP: 1/68 [electric eel/bolt of electricity (8)]
  7469 | D:8      | Found a blossoming altar of Fedhas.
  7776 | D:9      | Noticed Grum
  7836 | D:9      | Reached skill level 5 in Shields
  7836 | D:9      | Reached XP level 10. HP: 62/76 MP: 7/10
  7836 | D:9      | Killed Grum
  7984 | D:9      | Found Yfecuypn's Antique Armour Shoppe.
  8011 | D:9      | Noticed a green ugly thing
  8022 | D:9      | Killed a green ugly thing
  8586 | D:10     | Entered Level 10 of the Dungeon
  8714 | D:10     | Found a transporter.
  8717 | D:10     | Noticed a boulder beetle
  8720 | D:10     | Noticed a deep elf pyromancer
  8721 | D:10     | Noticed a great orb of eyes
  8722 | D:10     | Noticed a centaur warrior
  8728 | D:10     | Found a sparkling altar of Nemelex Xobeh.
  8764 | D:10     | Reached skill level 9 in Axes
  8912 | D:10     | Found a bloodstained altar of Trog.
  8915 | D:10     | Found a transporter.
  9061 | D:10     | Found a staircase to the Orcish Mines.
  9407 | D:11     | Noticed a cyclops
  9415 | D:11     | Reached skill level 5 in Dodging
  9417 | D:11     | Killed a cyclops
  9430 | D:11     | Gained mutation: You have hoof-like feet. [demonic
                  | ancestry]
  9430 | D:11     | Reached XP level 11. HP: 23/83 MP: 3/11
  9434 | D:11     | HP: 3/83 [electric eel/bolt of electricity (5)]
  9435 | D:11     | HP: 1/83 [electric eel/bolt of electricity (2)]
  9440 | D:11     | HP: 3/83 [electric eel/bolt of electricity (3)]
  9445 | D:10     | HP: 2/83 [something (2)]
  9732 | D:11     | Noticed Josephine
  9743 | D:11     | Killed Josephine
  9744 | D:11     | Reached skill level 10 in Axes
  9924 | D:11     | Noticed Lodul
 10208 | D:11     | Paralysed by Lodul for 5 turns
 10220 | D:11     | Killed Lodul
 10317 | D:11     | Found a staircase to the Lair.
 10921 | D:12     | Noticed a deep elf pyromancer
 10924 | D:12     | Killed a deep elf pyromancer
 11168 | D:12     | Found a gate leading to a gauntlet.
 11172 | Gauntlet | Entered a Gauntlet
 11172 | Gauntlet | Found a transporter.
 11180 | Gauntlet | Found a transporter.
 11182 | Gauntlet | Found a transporter.
 11191 | Gauntlet | Noticed a wizard
 11193 | Gauntlet | Found a transporter.
 11196 | Gauntlet | Found a transporter.
 11201 | Gauntlet | Noticed a great orb of eyes
 11202 | Gauntlet | Noticed a cyan ugly thing
 11202 | Gauntlet | Noticed a green ugly thing
 11209 | Gauntlet | Found a transporter.
 11216 | Gauntlet | Found a runed translucent door.
 11223 | Gauntlet | Found a transporter.
 11224 | Gauntlet | Noticed a cacodemon
 11232 | Gauntlet | Noticed a dire elephant
 11234 | Gauntlet | Found a transporter.
 11246 | Gauntlet | Found a transporter.
 11250 | Gauntlet | Noticed a wretched star
 11260 | Gauntlet | Found a transporter.
 11275 | Gauntlet | Found a transporter.
 11275 | Gauntlet | Found a transporter.
 11317 | Gauntlet | Found a transporter.
 11331 | Gauntlet | Found a transporter.
 11569 | Gauntlet | Noticed a deep elf zephyrmancer
 11569 | Gauntlet | Noticed a deep elf zephyrmancer
 11572 | Gauntlet | Noticed a deep elf pyromancer
 11575 | Gauntlet | Noticed a deep elf pyromancer
 11575 | Gauntlet | Noticed a deep elf knight
 11576 | Gauntlet | Noticed a catoblepas
 11579 | Gauntlet | Noticed a catoblepas
 11581 | Gauntlet | Reached skill level 11 in Axes
 11650 | Gauntlet | Killed a wizard
 11659 | Gauntlet | Identified the ring "Valichep" {Fly rF+ Int+3}
 11718 | Gauntlet | Gained mutation: Your mind is acute. (Int +4, Str/Dex -1)
                  | [a cacodemon]
 11728 | Gauntlet | Killed a cacodemon
 11925 | Gauntlet | Identified the amulet "Gux Fuba" {Regen+ Int+4}
 11925 | Gauntlet | Noticed a minotaur
 11941 | Gauntlet | HP: 1/84 [minotaur/bolt (29)]
 11941 | Gauntlet | Shot with a bolt by a minotaur

Illustrated notes

Levels and vault maps discovered:
D:1:      minmay_arrival_shattered_statue, layout_loops_cross
D:2:      layout_loops_ring, small_statue_intersection
D:3:      layout_basic, mainiacjoe_overflow_alcove_4, serial_shops, shop,
          uniq_terence
D:4:      layout_basic, nicolae_half_adder
D:5:      layout_gridville, temple_statues, minmay_misc_feat_rugged,
          uniq_crazy_yiuf_cottage
D:6:      layout_cave_pools, minmay_pentangle
D:7:      layout_rooms, serial_shops, shop, nicolae_shop_industrial_runoff,
          nicolae_shop_waterfront, shop
D:8:      layout_basic, nicolae_overflow_hidden_temple, serial_shops, shop,
          minmay_misc_feat_square, nicolae_elemental_shop, fungi_pond_lemuel
D:9:      layout_irregular_city, serial_shops, nicolae_shop_overgrown_old_shop,
          uniq_grum
D:10:     layout_long_grid, lemuel_crystal_altar,
          gammafunk_temple_overflow_arena, orc_david_3,
          dreamdust_deal_with_the_devil
D:11:     layout_rooms, erik_lair_island, serial_rivers,
          chequers_serial_rivers_large_a, chequers_serial_rivers_small_b,
          chequers_serial_rivers_micro_c, chequers_serial_rivers_micro_b,
          chequers_serial_rivers_small_a, chequers_serial_rivers_small_b,
          corexii_leaking_fountain, uniq_lodul, uniq_josephine
D:12:     layout_loops_ring, gauntlet_entry_generic, uniq_maurice
Temple:   nicolae_temple_bog_church
Gauntlet: minmay_gauntlet_77_tree [minmay_gauntlet_arena_77_braids,
          minmay_gauntlet_arena_77_squiggly, minmay_gauntlet_arena_77_fan,
          minmay_gauntlet_arena_77_p_blocks,
          minmay_gauntlet_arena_77_chump_sandwich,
          minmay_gauntlet_arena_77_two_paths, minmay_gauntlet_arena_77_path,
          nicolae_gauntlet_exit_dead_adventurers]

Skill      XL: |  1  2  3  4  5  6  7  8  9 10 11 |
---------------+----------------------------------+-----
Axes           | 2 3 4 5 7 8 9 11 | 11.3
Armour         | 3 4 5 6 7 |  7.2
Shields        | 3 4 5 6 |  6.5
Dodging        | 1 2 3 5 |  5.9
Fighting       | 4 5 6 7 |  7.1
Stealth        | 1 2 3 4 |  4.3
Evocations     | 1 2 3 4 |  4.3
Throwing       | 2 3 |  3.9

Action                     |  1- 3 |  4- 6 |  7- 9 | 10-12 || total
---------------------------+-------+-------+-------+-------++-------
  Melee: War axe           |   112 |   148 |   277 |   125 ||   662
         Broad axe         |       |       |       |   173 ||   173
  Throw: Boomerang         |       |       |    51 |    64 ||   115
  Evoke: Wand              |       |       |     3 |     6 ||     9
    Use: Potion            |       |     5 |       |     6 ||    11
         Scroll            |       |     6 |    14 |     9 ||    29
   Stab: Distracted        |       |       |       |     1 ||     1
 Armour: Scale mail        |    54 |    22 |       |       ||    76
         Skin              |       |    15 |       |       ||    15
         Chain mail        |       |    81 |   217 |   193 ||   491
  Dodge: Dodged            |    64 |    68 |   150 |   142 ||   424
  Block: Buckler           |    19 |    39 |    66 |    78 ||   202

Table legend: (Time is in decaauts)
 A = Elapsed time spent in this place.
 B = Non-inter-level travel time spent in this place.
 C = Inter-level travel time spent in this place.
 D = Time resting spent in this place.
 E = Time spent auto-exploring this place.
 F = Levels seen in this place.
 G = Mean time per level.
                   A        B        C        D        E       F      G
               +--------+--------+--------+--------+--------+-----+--------+
         Total |  12237 |  11889 |    348 |      0 |   9233 |  14 |  874.1 |
       Dungeon |  11207 |  10890 |    317 |      0 |   8617 |  12 |  933.9 |
        Temple |    198 |    168 |     30 |      0 |    152 |   1 |  198.0 |
      Gauntlet |    831 |    831 |      0 |      0 |    464 |   1 |  831.0 |
               +--------+--------+--------+--------+--------+-----+--------+

Top non-repeatable levels by time:
    D:10: 1311 daAuts
     D:8: 1294 daAuts
     D:3: 1188 daAuts
     D:6: 1121 daAuts
    D:11: 1081 daAuts
     D:9: 993 daAuts
     D:4: 979 daAuts
     D:2: 887 daAuts
Gauntlet: 831 daAuts
     D:5: 764 daAuts
     D:7: 670 daAuts
     D:1: 653 daAuts
    D:12: 261 daAuts
  Temple: 198 daAuts
